 Dungeon Crawl Stone Soup version 0.19-a0-143-gd109d65 (webtiles) character file.

175 AlphabetPasta the Skirmisher (level 5, -4/41 HPs)
             Began as a Vampire Fighter on May 17, 2016.
             Slain by ASUHDUDE's ghost (10 damage)
             ... on level 3 of the Dungeon.
             The game lasted 00:11:53 (2341 turns).

AlphabetPasta the Skirmisher (Vampire Fighter)      Turns: 2341, Time: 00:11:53

Health: -4/41      AC:  9    Str: 15    XL:     5   Next: 29%
Magic:  5/5        EV:  8    Int: 10    God:
Gold:   126        SH:  9    Dex: 15    Spells: 0 memorised, 4 levels left

rFire  . . .     SeeInvis +     a - +0 long sword
rCold  . . .     Gourm    .     b - +0 scale mail
rNeg   + . .     Faith    .     c - +0 shield
rPois  .         Spirit   .     (no helmet)
rElec  .         Dismiss  .     n - +2 cloak
rCorr  .         Reflect  .     (no gloves)
SustAt .         Harm     .     (no boots)
MR     .....                    (no amulet)
Stlth  ..........               (no ring)
                                (no ring)

@: not resistant to hostile enchantments, extremely unstealthy
A: fangs 3, see invisible, unbreathing
a: Bat Form


You were on level 3 of the Dungeon.
You were not thirsty.

You visited 1 branch of the dungeon, and saw 3 of its levels.

You collected 126 gold pieces.

Inventory:

Hand Weapons
 a - a +0 long sword (weapon)
Armour
 b - a +0 scale mail (worn)
 c - a +0 shield (worn)
 f - a +0 cloak
 n - a +2 cloak (worn)
Jewellery
 h - a +4 ring of intelligence {unknown}
 j - an uncursed ring of ice {unknown}
Scrolls
 g - a scroll of identify
 i - a scroll of noise {unknown}
 k - 2 scrolls of teleportation {unknown}
 l - 2 scrolls of remove curse {unknown}
Potions
 d - a potion of lignification
 m - a potion of magic {unknown}
 o - a potion of ambrosia {unknown}


   Skills:
 + Level 3.5 Fighting
 + Level 3.1 Long Blades
 + Level 3.1 Armour
 + Level 2.0 Dodging
 + Level 3.3 Shields


You had 4 spell levels left.
You didn't know any spells.

Dungeon Overview and Level Annotations

Branches:
Dungeon (3/15)

Altars:
Nemelex Xobeh

Annotations:
D:3 ASUHDUDE's ghost, amateur MiBe


Innate Abilities, Weirdness & Mutations

You have razor-sharp teeth.
You have supernaturally acute eyesight.
You can survive without breathing.


Message History

ASUHDUDE's ghost hits you but does no damage.
You slash ASUHDUDE's ghost!
ASUHDUDE's ghost is almost destroyed.
ASUHDUDE's ghost closely misses you.
You closely miss ASUHDUDE's ghost.
ASUHDUDE's ghost is almost destroyed.
ASUHDUDE's ghost hits you!
* * * LOW HITPOINT WARNING * * *
You hit ASUHDUDE's ghost but do no damage.
ASUHDUDE's ghost is almost destroyed.
ASUHDUDE's ghost closely misses you. ASUHDUDE's ghost hits you.
* * * LOW HITPOINT WARNING * * *
You hit ASUHDUDE's ghost.
ASUHDUDE's ghost is almost destroyed.
ASUHDUDE's ghost closely misses you.
You barely miss ASUHDUDE's ghost.
You bite ASUHDUDE's ghost, but do no damage.
ASUHDUDE's ghost is almost destroyed.
ASUHDUDE's ghost hits you!
You die...

# o..o .# ..o.
#.# ...o #..
....
########.###
.o..
.......@W..#
....
###............
....
....###........
.... ###
#......## ....
######... ..##
## ###


You could see ASUHDUDE's ghost.

Vanquished Creatures
  Natasha (thrice) (D:2)
  An adder (D:2)
  4 gnolls (D:2)
  A worm (D:2)
  2 dart slugs (D:1)
  A giant gecko (D:1)
  5 bats
  2 giant cockroaches
  6 goblins
  7 hobgoblins
  4 jackals (D:2)
  A ball python (D:2)
  4 giant newts
  3 kobolds
  6 rats
50 creatures vanquished.

Notes
Turn   | Place    | Note
--------------------------------------------------------------
     0 | D:1      | AlphabetPasta the Vampire Fighter began the quest for the Orb.
     0 | D:1      | Reached XP level 1. HP: 17/17 MP: 1/1
    67 | D:1      | Found a sparkling altar of Nemelex Xobeh.
   253 | D:1      | Reached XP level 2. HP: 18/23 MP: 2/2
   864 | D:2      | Noticed Natasha
   882 | D:2      | Killed Natasha
   882 | D:2      | Reached skill level 1 in Dodging
   882 | D:2      | Reached XP level 3. HP: 12/29 MP: 3/3
  1172 | D:2      | Reached XP level 4. HP: 11/35 MP: 4/4
  1506 | D:2      | Noticed Natasha
  1526 | D:2      | Killed Natasha
  1526 | D:2      | Reached XP level 5. HP: 2/41 MP: 5/5
  1619 | D:2      | Noticed Natasha
  2027 | D:2      | Killed Natasha
  2317 | D:3      | Noticed ASUHDUDE's ghost (amateur MiBe)
  2341 | D:3      | Slain by ASUHDUDE's ghost

Vault maps used:
D:1:      dpeg_arrival_central, serial_bayou_lagoon_a,
          wad_floor_pattern_untrapped, serial_bayou_pond_e,
          kennysheep_decorative_pillar, nemelex_diamond_rough_becter
D:2:      uniq_natasha
D:3:      kennysheep_ying_yang, gammafunk_temple_overflow_statue,
          kennysheep_nondescript, uniq_terence, uniq_sigmund

Skill      XL: |  1  2  3  4  5 |
---------------+----------------+-----
Fighting       | 3 |  3.5
Dodging        | 1 2 |  2.0
Shields        | 3 |  3.3
Armour         | 3 |  3.1
Long Blades    | 3 |  3.1

Action                   |  1- 3 |  4- 6 || total
-------------------------+-------+-------++-------
Melee: Long sword        |    91 |   109 ||   200
       Bite              |    12 |    14 ||    26
  Use: Scroll            |     1 |     1 ||     2
       Potion            |       |     2 ||     2
  Eat: Corpse            |       |     3 ||     3
Armor: Scale mail        |    58 |    46 ||   104
Dodge: Dodged            |    39 |    46 ||    85
Block: Shield            |    59 |    62 ||   121
